AoeStats
← SwolierThanThou

Golden Pit

507362059Analyzed
1v1 RM · 13d ago on Sep 17, 2026· 63m 31s· 2 players
Game mode
Random Map
Map size
Tiny (2 player)
Population
200
Speed
Normal
Resources
Standard
Victory
Conquest
Starting age
Dark Age
Ending age
Imperial Age
RankedLock teamsTeams togetherTeam positionsShared explorationLock speedFull tech treeHidden civsTurbo modeCheats
Victory
Defeat
🇺🇸 Magyars · United States
737
+17
🇺🇸 Aztecs · United States
767
-17
SwolierThanThou
8:45 Loom
13:23 Feudal Age
14:18 Horse Collar
14:24 Double-Bit Axe
17:04 Scale Barding Armor
22:49 Castle Age
23:10 Bloodlines
23:45 Husbandry
23:06 Light Cavalry
23:59 Bow Saw
23:52 Heavy Plow
25:20 Chain Barding Armor
27:46 Elite Skirmisher
31:00 Thumb Ring
36:36 Corvinian Army
39:55 Wheelbarrow
39:12 Town Watch
40:38 Fletching
41:35 Gold Mining
41:35 Stone Mining
41:49 Treadmill Crane
42:19 Devotion
43:15 Hand Cart
47:44 Imperial Age
46:06 Heresy
47:26 Town Patrol
49:17 Crop Rotation
50:05 Two-Man Saw
49:43 Gold Shaft Mining
49:49 Plate Barding Armor
49:16 Padded Archer Armor
49:52 Conscription
49:36 Hussar
52:25 Chemistry
51:46 Ballistics
51:37 Masonry
53:04 Hoardings
53:56 Siege Engineers
54:24 Elite Magyar Huszar
59:01 Bodkin Arrow
59:22 Leather Archer Armor
Eric
11:51 Feudal Age
17:38 Castle Age
15:24 Loom
17:30 Gold Mining
17:54 Double-Bit Axe
19:15 Fletching
22:19 Padded Archer Armor
24:13 Crossbowman
25:59 Fervor
26:27 Wheelbarrow
29:06 Ballistics
29:25 Bodkin Arrow
31:06 Leather Archer Armor
33:11 Redemption
33:24 Sanctity
33:09 Devotion
41:55 Imperial Age
42:01 Imperial Age
39:20 Town Watch
39:52 Forging
40:17 Atonement
40:40 Elite Skirmisher
42:59 Iron Casting
42:38 Herbal Medicine
43:02 Block Printing
43:15 Illumination
42:22 Arbalester
45:01 Chemistry
43:43 Treadmill Crane
44:16 Town Patrol
44:27 Herbal Medicine
45:03 Hand Cart
45:44 Bracer
46:57 Theocracy
47:13 Conscription
48:43 Gold Shaft Mining
49:09 Bow Saw
51:10 Siege Engineers
57:30 Squires
Connection lost

Rejoining the realm…

Still unreachable

The connection could not be restored.

Session expired

The server has moved on; the page needs a fresh start.